 Seeded DCSS version 0.29-a0-414-g5075937ec3 (webtiles) character file.

Game seed: 20220515 (custom seed)

507 a11behringer the Chopper (level 6, -8/55 HPs)
             Began as a Minotaur Fighter on May 15, 2022.
             Killed from afar by a white imp (11 damage)
             ... with a puff of frost
             ... on level 5 of the Dungeon.
             The game lasted 00:07:19 (3565 turns).

a11behringer the Chopper (Minotaur Fighter)         Turns: 3565, Time: 00:07:20

Health: -8/55      AC: 10    Str: 25    XL:     6   Next: 97%
Magic:  1/1        EV: 10    Int:  5    God:
Gold:   164        SH:  4    Dex:  9    Spells: 5/5 levels left

rFire   + . .      SeeInvis .   v - +5 hand axe "Q" {antimagic, Stlth+}
rCold   . . .      Faith    .   c - +0 buckler
rNeg    . . .      Spirit   .   q - +3 ring mail of the Abyss {Will+ rCorr Str+2}
rPois   .          Reflect  .   (helmet restricted)
rElec   .          Harm     .   (no cloak)
rCorr   +          Rampage  .   (no gloves)
Will    +....                   C - +0 pair of boots
Stlth   +.........              p - amulet of the acrobat
HPRegen 0.18/turn               B - ring of protection from fire
MPRegen 0.07/turn               (no ring)

@: lethally poisoned (-8 -> -17)
A: horns 2, retaliatory headbutt
a: no special abilities


You were on level 5 of the Dungeon.
You visited 1 branch of the dungeon, and saw 5 of its levels.

You collected 164 gold pieces.

Inventory:

Hand Weapons
 a - a +0 war axe
 t - a +0 war axe of freezing
 v - the +5 hand axe "Q" (weapon) {antimagic, Stlth+}
   (You found it on level 3 of the Dungeon)

   It reduces the magical energy of the wielder, and disrupts the spells and
   magical abilities of those it strikes.
   Natural abilities and divine invocations are not affected.
   Stlth:     It makes you more stealthy.
 D - a +3 flail of holy wrath
 H - a +0 shortbow
Missiles
 f - 3 throwing nets (quivered)
Armour
 b - a +0 scale mail
 c - a +0 buckler (worn)
 q - the +3 ring mail of the Abyss (worn) {Will+ rCorr Str+2}
   (You found it on level 2 of the Dungeon)

   Str:       It affects your strength (+2).
   rCorr:     It protects you from acid and corrosion.
   Will:      It increases your willpower.
 s - an orb of energy
 C - a +0 pair of boots (worn)
 E - a +3 scale mail of fire resistance
Jewellery
 l - a ring of fire
 p - an amulet of the acrobat (around neck)
 B - a ring of protection from fire (left hand)
Wands
 G - a wand of digging (5)
Scrolls
 e - a scroll of noise {unknown}
 h - a scroll of amnesia {unknown}
 i - 6 scrolls of identify {unknown}
 j - 2 scrolls of enchant armour {unknown}
 k - 2 scrolls of vulnerability {unknown}
 n - 3 scrolls of fog {unknown}
 r - a scroll of fear {unknown}
 u - a scroll of poison {unknown}
 y - 2 scrolls of teleportation {unknown}
Potions
 d - 3 potions of might
 g - 3 potions of heal wounds {unknown}
 m - a potion of invisibility {unknown}
 o - 2 potions of flight {unknown}
 w - 2 potions of curing {unknown}
 x - a potion of cancellation {unknown}
 z - a potion of magic {unknown}
 A - 2 potions of brilliance {unknown}
 F - a potion of mutation {unknown}


   Skills:
 + Level 4.8 Fighting
 * Level 6.9 Axes
 + Level 5.3 Armour
 + Level 1.4 Dodging
 + Level 4.2 Shields


You had 5 spell levels left.
You didn't know any spells.
Your spell library contained the following spells:

 Spells                   Type           Power      Damage    Failure   Level
 Gell's Gravitas          Tloc           0%         N/A       97%         3
 Teleport Other           Tloc           0%         N/A       97%         3
 Dispersal                Tloc           0%         N/A       100%        6


Dungeon Overview and Level Annotations

Branches:
Dungeon (5/15)
 Temple: D:4-7

Altars:
Kikubaaqudgha
Nemelex Xobeh
Qazlal

Shops:
D:1 :


Innate Abilities, Weirdness & Mutations

You have a pair of horns on your head.
You reflexively headbutt those who attack you in melee.


Message History

The killer bee stings you but does no damage.
The killer bee barely misses you.
The white imp shouts!
You hit the killer bee but do no damage.
The killer bee is severely wounded.
You miss the killer bee. You hit the killer bee. You miss the killer bee.
You feel very sick. The killer bee stings you.
The killer bee barely misses you.
The killer bee stings you but does no damage.
The killer bee stings you.
The killer bee stings you but does no damage.
The killer bee stings you.
You are more poisoned.
The killer bee poisons you!
The killer bee stings you but does no damage.
You block the killer bee's attack.
The killer bee attacks as you move away!
The killer bee closely misses you.
The killer bee attacks as you move away!
The killer bee stings you but does no damage.
You feel very sick. The killer bee barely misses you.
The killer bee completely misses you.
The killer bee attacks as you move away!
The killer bee closely misses you.
You feel very sick. The white imp gestures at you. The puff of frost hits you!
* * * LOW HITPOINT WARNING * * *
You block the killer bee's attack. The killer bee completely misses you.
There is a stone staircase leading up here.
* * * LOW HITPOINT WARNING * * *
You feel very sick. The killer bee stings you.
* * * LOW HITPOINT WARNING * * *
The killer bee stings you but does no damage.
The killer bee stings you.
* * * LOW HITPOINT WARNING * * *
The white imp gestures at you. The puff of frost hits you!
You die...

... #.#.......#
#.##.........#.
..............
#............ .
####...........
..#..............
.......y......#
......yyy#.#...$.
.......@##.# ...
......†........ .
#...#..........
... #.......5..
.. .....##.... .
......# .....
.#....## .#.
.......# #


You could see 4 killer bees and a white imp.

Vanquished Creatures
  Sigmund (D:4)
  Edmund (D:4)
  A scorpion (D:5)
  An orc priest (D:4)
  An orc wizard (D:4)
  3 adders
  A gnoll (D:1)
  A worm (D:3)
  A dart slug (D:1)
  5 orcs
  6 bats
  3 endoplasms
  3 giant cockroaches
  11 goblins
  9 hobgoblins
  4 jackals (D:1)
  8 kobolds
  A quokka (D:3)
  3 ball pythons
  3 frilled lizards
  5 rats
72 creatures vanquished.

Notes
Turn   | Place    | Note
-------+----------+-------------------------------------------
     0 | D:1      | a11behringer the Minotaur Fighter began the quest for the
                  | Orb.
     0 | D:1      | Reached XP level 1. HP: 19/19 MP: 0/0
    32 | D:1      | Found a faded altar of an unknown god.
   256 | D:1      | Reached XP level 2. HP: 27/27 MP: 1/1
   655 | D:1      | Reached skill level 3 in Axes
   655 | D:1      | Reached XP level 3. HP: 33/33 MP: 2/2
   768 | D:1      | Found Xouchey's Book Shoppe.
  1075 | D:2      | Found a stormy altar of Qazlal.
  1631 | D:2      | Identified the +3 ring mail of the Abyss {Will+ rCorr
                  | Str+2}
  2121 | D:3      | Identified the +5 hand axe "Q" {antimagic, Stlth+}
  2128 | D:3      | Reached XP level 4. HP: 31/40 MP: 3/3
  2210 | D:3      | Found a sparkling altar of Nemelex Xobeh.
  2213 | D:3      | Found an ancient bone altar of Kikubaaqudgha.
  2597 | D:4      | Noticed Sigmund
  2605 | D:4      | Killed Sigmund
  2606 | D:4      | Reached skill level 5 in Axes
  2606 | D:4      | Reached skill level 5 in Armour
  2606 | D:4      | Reached skill level 1 in Dodging
  2606 | D:4      | Reached XP level 5. HP: 41/47 MP: 1/4
  2695 | D:4      | Noticed Edmund
  2709 | D:4      | Killed Edmund
  2710 | D:4      | Reached skill level 6 in Axes
  2710 | D:4      | Reached XP level 6. HP: 16/53 MP: 1/5
  3547 | D:5      | Entered Level 5 of the Dungeon
  3565 | D:5      | Killed from afar by a white imp

Illustrated notes

Levels and vault maps discovered:
D:1:      minmay_arrival_split_and_join, layout_basic, serial_corexii_hall,
          corexii_hall_statues_deadend, chequers_hall_statues_wall_a,
          basic_ecumenical_altar, serial_shops, shop, wad_woods_river_04
D:2:      layout_loops_corners, basic_altar, columned_hall_lemuel
D:3:      layout_rooms, minitemple, minmay_goblin_kobold_house
D:4:      layout_loops_ring, kennysheep_path_1, uniq_edmund, uniq_sigmund
D:5:      layout_cave_pools, mainiacjoe_overflow_alcove_4, temple_green,
          uniq_menkaure, uniq_ijyb, uniq_duvessa

Skill      XL: |  1  2  3  4  5 |
---------------+----------------+-----
Armour         | 4 5 |  5.3
Axes           | 3 5 6 |  6.9
Shields        | 4 |  4.2
Fighting       | 4 |  4.8
Dodging        | 1 |  1.4

Action                   |  1- 3 |  4- 6 || total
-------------------------+-------+-------++-------
Melee: War axe           |    89 |     5 ||    94
       Headbutt          |    15 |     7 ||    22
       Hand axe          |       |    56 ||    56
 Stab: Sleeping          |       |     2 ||     2
Armor: Scale mail        |    38 |       ||    38
       Ring mail         |     2 |    27 ||    29
Dodge: Dodged            |    43 |    40 ||    83
Block: Buckler           |    26 |    10 ||    36

Table legend: (Time is in decaauts)
 A = Elapsed time spent in this place.
 B = Non-inter-level travel time spent in this place.
 C = Inter-level travel time spent in this place.
 D = Time resting spent in this place.
 E = Time spent auto-exploring this place.
 F = Levels seen in this place.
 G = Mean time per level.
                   A        B        C        D        E       F      G
               +--------+--------+--------+--------+--------+-----+--------+
         Total |   3622 |   3293 |    329 |      0 |   2822 |   5 |  724.4 |
       Dungeon |   3622 |   3293 |    329 |      0 |   2822 |   5 |  724.4 |
               +--------+--------+--------+--------+--------+-----+--------+

Top non-repeatable levels by time:
     D:1: 1111 daAuts
     D:4: 1020 daAuts
     D:2: 1010 daAuts
     D:3: 461 daAuts
     D:5: 17 daAuts
